 Dungeon Crawl Stone Soup version 0.29-a0-492-g10b964d8d7 (webtiles) character file.

Game seed: 4150242571173996672

375 BritishOli the Skirmisher (level 6, -3/49 HPs)
             Began as a Demonspawn Fighter on May 27, 2022.
             Slain by Pikel
             ... wielding a +1 whip of freezing
              (10 damage)
             ... on level 4 of the Dungeon.
             The game lasted 00:03:56 (4132 turns).

BritishOli the Skirmisher (Demonspawn Fighter)      Turns: 4132, Time: 00:03:57

Health: -3/49      AC:  8    Str: 19    XL:     6   Next: 44%
Magic:  6/6        EV:  9    Int:  9    God:
Gold:   126        SH:  5    Dex: 12    Spells: 5/5 levels left

rFire   . . .      SeeInvis .   a - +0 long sword
rCold   . . .      Faith    .   c - +0 buckler
rNeg    . . .      Spirit   .   b - +0 scale mail
rPois   .          Reflect  .   t - +0 helmet
rElec   .          Harm     .   (no cloak)
rCorr   .          Rampage  .   (no gloves)
Will    +....                   (no boots)
Stlth   ..........              (no amulet)
HPRegen 0.16/turn               q - ring of willpower
MPRegen 0.10/turn               (no ring)

@: no status effects
A: claws 2, ignite blood 1, powered by death 1
a: no special abilities


You were on level 4 of the Dungeon.
You visited 1 branch of the dungeon, and saw 4 of its levels.

You collected 126 gold pieces.

Inventory:

Hand Weapons
 a - a +0 long sword (weapon)
 j - a +0 great sword
Armour
 b - a +0 scale mail (worn)
 c - a +0 buckler (worn)
 t - a +0 helmet (worn)
Jewellery
 q - a ring of willpower (left claw)
Scrolls
 e - a scroll of enchant armour {unknown}
 f - 6 scrolls of identify {unknown}
 g - 2 scrolls of noise {unknown}
 h - a scroll of amnesia {unknown}
 m - 4 scrolls of blinking {unknown}
 p - a scroll of magic mapping {unknown}
 s - 2 scrolls of enchant weapon {unknown}
 u - a scroll of silence {unknown}
 x - a scroll of teleportation {unknown}
 y - a scroll of fear {unknown}
Potions
 d - a potion of might
 i - 2 potions of heal wounds {unknown}
 k - 2 potions of flight {unknown}
 l - a potion of curing {unknown}
 n - a potion of ambrosia {unknown}
 o - 2 potions of attraction {unknown}
 r - a potion of lignification {unknown}
 v - a potion of invisibility {unknown}
 w - a potion of magic {unknown}


   Skills:
 + Level 4.5 Fighting
 + Level 3.4 Long Blades
 + Level 4.0 Armour
 + Level 4.0 Shields


You had 5 spell levels left.
You didn't know any spells.
Your spell library contained the following spells:

 Spells                   Type           Power      Damage    Failure   Level
 Call Canine Familiar     Summ           0%         N/A       99%         3
 Portal Projectile        Hex/Tloc       0%         N/A       99%         3
 Leda's Liquefaction      Hex/Erth       0%         N/A       100%        4


Dungeon Overview and Level Annotations

Branches:
Dungeon (4/15)
 Temple: D:4-7

Altars:
Fedhas
Hepliaklqana
Makhleb
Xom

Annotations:
D:3 2 transporters
D:4 Pikel


Innate Abilities, Weirdness & Mutations

You have very sharp fingernails.
Your demonic aura sometimes causes spilled blood to erupt in flames.
You regenerate a little health from kills.


Message History

A lemure comes into view.
Pikel zaps a wand.
The puff of flame hits you! The quokka attacks as you move away!
The quokka misses you. You block the quokka's attack.
The quokka attacks as you move away!
The quokka bites you but does no damage.
The quokka closely misses you. The quokka attacks as you move away!
You block the quokka's attack. The quokka attacks as you move away!
The quokka bites you but does no damage.
The quokka closely misses you.
You hit the quokka but do no damage. The quokka bites you.
You slash the quokka!
You kill the quokka!
Pikel hits you with a +1 whip of freezing.
Pikel freezes you.
You closely miss Pikel.
Pikel zaps a wand.
The puff of flame hits you but does no damage.
Pikel says, "It's all about the gold, really."
Pikel hits you with a +1 whip of freezing.
Pikel freezes you.
You closely miss Pikel.
Pikel hits you with a +1 whip of freezing.
Pikel freezes you.
You barely miss Pikel. You block Pikel's attack.
You hit Pikel but do no damage.
Pikel zaps a wand.
The puff of flame hits you!
* * * LOW HITPOINT WARNING * * *
You miss Pikel.
Pikel zaps a wand.
The puff of flame hits you.
* * * LOW HITPOINT WARNING * * *
You block Pikel's attack.
You hit Pikel.
Pikel is lightly wounded.
You block Pikel's attack.
You closely miss Pikel.
Pikel is lightly wounded.
You block Pikel's attack.
You hit Pikel.
Pikel is moderately wounded.
Pikel hits you with a +1 whip of freezing!
You die...

##.>.#.#
#.# ##..#.#
#.#
###..#.#
#.#
.......#
#.#
###..###
#.# #..#
#.# ###..#
#.# .....#
#.#####
###.##
#..@K5##
#.#
#.###5.#
###
#########.#
...5......#
...#.)K#.#
......5...#
#...#...###
..5......
#########


You could see Pikel and 2 lemures.

Vanquished Creatures
  An ogre (D:4)
  A phantom (D:4)
  An orc priest (D:4)
  An orc wizard (D:3)
  Natasha (D:4)
  3 adders
  An ufetubus (D:3)
  A worm (D:3)
  3 dart slugs
  11 orcs
  4 bats
  4 endoplasms
  5 giant cockroaches
  13 hobgoblins
  4 kobolds
  3 quokkas
  5 ball pythons
  2 frilled lizards
  6 goblins
  9 rats
79 creatures vanquished.

Vanquished Creatures (others)
  3 fungi (D:3)
3 creatures vanquished.

Grand Total: 82 creatures vanquished

Notes
Turn   | Place    | Note
-------+----------+-------------------------------------------
     0 | D:1      | BritishOli the Demonspawn Fighter began the quest for the
                  | Orb.
     0 | D:1      | Reached XP level 1. HP: 18/18 MP: 1/1
   346 | D:1      | Gained mutation: Your demonic aura sometimes causes spilled
                  | blood to erupt in flames. [demonic ancestry]
   346 | D:1      | Reached XP level 2. HP: 23/24 MP: 2/2
   801 | D:1      | Found a faded altar of an unknown god.
  1269 | D:2      | Gained mutation: You have sharp fingernails. [demonic
                  | ancestry]
  1269 | D:2      | Reached XP level 3. HP: 29/29 MP: 3/3
  2195 | D:2      | Gained mutation: You regenerate a little health from kills.
                  | [demonic ancestry]
  2195 | D:2      | Reached XP level 4. HP: 34/36 MP: 4/4
  2634 | D:3      | Found a burning altar of Makhleb.
  2686 | D:3      | Found a transporter.
  2701 | D:3      | Found a transporter.
  2739 | D:3      | Found a shimmering altar of Xom.
  2755 | D:3      | Found a blossoming altar of Fedhas.
  3187 | D:4      | Noticed a phantom
  3192 | D:4      | Noticed an ogre
  3412 | D:4      | Gained mutation: You have very sharp fingernails. [demonic
                  | ancestry]
  3412 | D:4      | Reached XP level 5. HP: 36/42 MP: 5/5
  3629 | D:4      | Found a hazy altar of Hepliaklqana.
  3647 | D:4      | Killed a phantom
  3929 | D:4      | Killed an ogre
  3930 | D:4      | Reached XP level 6. HP: 44/49 MP: 6/6
  4042 | D:4      | Noticed Natasha
  4049 | D:4      | Killed Natasha
  4108 | D:4      | Noticed Pikel
  4132 | D:4      | Slain by Pikel

Illustrated notes

Levels and vault maps discovered:
D:1:      dpeg_arrival_tiny_j, layout_loops_corners, serial_forest,
          infiniplex_forest_straight_3, infiniplex_forest_clump_curved,
          infiniplex_forest_lined_corner, infiniplex_forest_lined_room_2,
          infiniplex_forest_clump_large, infiniplex_forest_lined_2,
          dreamdust_ecumenical_altar_hidden_monk_grotto
D:2:      layout_loops_ring
D:3:      gammafunk_steamed_eel, layout_rooms, lightli_temple_of_fire,
          mainiacjoe_overflow_alcove_4, mainiacjoe_overflow_boulevard
D:4:      layout_loops_ring, lemuel_coloured_pillars_altar,
          mainiacjoe_overflow_paths, minmay_cupped, uniq_pikel, uniq_natasha

Skill      XL: |  1  2  3  4  5  6 |
---------------+-------------------+-----
Long Blades    | 2 3 |  3.4
Armour         | 3 4 |  4.0
Shields        | 3 4 |  4.0
Fighting       | 4 |  4.5

Action                   |  1- 3 |  4- 6 || total
-------------------------+-------+-------++-------
Melee: Long sword        |   121 |   153 ||   274
Armor: Scale mail        |    45 |    73 ||   118
Dodge: Dodged            |    50 |    79 ||   129
Block: Buckler           |    26 |    42 ||    68

Table legend: (Time is in decaauts)
 A = Elapsed time spent in this place.
 B = Non-inter-level travel time spent in this place.
 C = Inter-level travel time spent in this place.
 D = Time resting spent in this place.
 E = Time spent auto-exploring this place.
 F = Levels seen in this place.
 G = Mean time per level.
                   A        B        C        D        E       F      G
               +--------+--------+--------+--------+--------+-----+--------+
         Total |   4217 |   4015 |    202 |      0 |   3329 |   4 | 1054.2 |
       Dungeon |   4217 |   4015 |    202 |      0 |   3329 |   4 | 1054.2 |
               +--------+--------+--------+--------+--------+-----+--------+

Top non-repeatable levels by time:
     D:1: 1269 daAuts
     D:2: 1138 daAuts
     D:4: 955 daAuts
     D:3: 853 daAuts
